 Dungeon Crawl Stone Soup version 0.27-a0-1081-ge8a0a9c698 (webtiles) character file.

Game seed: 16337729343066616743

123 scammafunk the Covered (level 5, -1/43 HPs)
             Began as a Barachi Fighter on Apr 25, 2021.
             Was an Initiate of Ru.
             Slain by Edmund
             ... wielding a +1 flail of protection
              (7 damage)
             ... on level 5 of the Dungeon on Apr 26, 2021.
             The game lasted 00:08:29 (2839 turns).

scammafunk the Covered (Barachi Fighter)            Turns: 2839, Time: 00:08:32

Health: -1/43      AC:  7    Str: 18    XL:     5   Next: 7%
Magic:  5/5        EV:  7    Int:  9    God:    Ru [......]
Gold:   96         SH:  9    Dex: 11    Spells: 4/4 levels left

rFire    . . .     SeeInvis .   a - +0 long sword
rCold    . . .     Faith    .   c - +0 kite shield
rNeg     . . .     Spirit   .   b - +0 scale mail
rPois    .         Reflect  .   (no helmet)
rElec    .         Harm     +   i - scarf {harm}
rCorr    .         Rampage  .   (no gloves)
Will     .....                  (no boots)
Stlth    ..........             (no amulet)
HPRegen  0.14/turn              (no ring)
MPRegen  0.09/turn              (no ring)

@: slow
A: amphibious, slowness 1, strong legs 1, +LOS
a: Hop, Renounce Religion, Sacrifice Love, Sacrifice Stealth, Sacrifice Courage,
Reject Sacrifices


You were on level 5 of the Dungeon.
You worshipped Ru.
Ru was noncommittal.
You visited 1 branch of the dungeon, and saw 4 of its levels.

You collected 96 gold pieces.

Inventory:

Hand Weapons
 a - a +0 long sword (weapon)
Armour
 b - a +0 scale mail (worn)
 c - a +0 kite shield (worn)
 i - a scarf of harm (worn)
Magical Staves
 j - a staff of cold
Wands
 d - a wand of flame (17)
Scrolls
 f - 2 scrolls of magic mapping
 g - 3 scrolls of identify
 m - a scroll of fear {unknown}
Potions
 e - a potion of magic
 h - a potion of degeneration {unknown}
 k - a potion of flight {unknown}
 l - a potion of heal wounds {unknown}
 n - a potion of cancellation {unknown}


   Skills:
 + Level 4.5 Fighting
 + Level 3.6 Long Blades
 + Level 4.6 Armour
 + Level 4.1 Shields


You had 4 spell levels left.
You didn't know any spells.
Your spell library was empty.

Dungeon Overview and Level Annotations

Branches:
Dungeon (3/15)             Temple (0/1) D:5

Altars:
Ashenzari
Gozag
Ru

Annotations:
D:5 3 runed translucent doors, Edmund; marklar909's ghost, weakling PaDe


Innate Abilities, Weirdness & Mutations

You are amphibious.
You cover ground slowly.
You can hop short distances.
You have an extended range of vision and can be seen from far away.


Message History

The iguana is moderately wounded.
The iguana barely misses you.
You riposte.
You hit the iguana.
The iguana is severely wounded.
The iguana barely misses you.
You riposte.
You closely miss the iguana.
The iguana is severely wounded.
You completely miss the iguana.
The iguana is severely wounded.
The iguana bites you.
You hit the iguana.
The iguana is almost dead.
The iguana bites you but does no damage.
You block the iguana's attack.
You hit the iguana.
You kill the iguana!
You have reached level 5!
Okay, then.
Okay, then.
Okay, then.
Edmund the Younger comes into view.
He is wielding a +1 flail of protection.
Edmund shouts!
A jelly comes into view.
Marklar909's ghost keens inconsolably.
You hit Edmund.
Edmund is lightly wounded.
You block Edmund's attack.
You closely miss Edmund.
Edmund is lightly wounded.
Edmund hits you with a +1 flail of protection!
You hit Edmund but do no damage.
Edmund is lightly wounded.
Edmund hits you with a +1 flail of protection.
Edmund hits you with a +1 flail of protection!
* * * LOW HITPOINT WARNING * * *
Aiming: Throw Flame
Press: ? - help, Shift-Dir - straight line, f - Edmund
Aim: Edmund, wielding a +1 flail of protection and wearing a +0 chain mail (lightly wounded, 77% to hit)
The puff of flame hits Edmund.
Edmund is lightly wounded.
Edmund hits you with a +1 flail of protection.
You die...

############ #.#
##..#....#..###.####+#
#.....................
#.....................
##..###.########'###..
.##$###..##.##.8.###..##
............#K$$..#....#
.......†....+s..$8#....#
..........@.+Oh8.∩#....#
###..####.#@+W$..8##..##
#.. #.#J#$$.$.##..#####
... ....##∩8.##...#....
#...
......#####.)†)#.... ##
8.#..###. ###..####.
.....@###..####..####.
8.>.8..#...............
.... ... ...............


You could see a two-headed ogre, Edmund, a kobold demonologist, a black bear, a
scorpion, a jelly and marklar909's ghost.

Vanquished Creatures
  An iguana (D:5)
  Ijyb (D:5)
  An adder (D:2)
  A worm (D:2)
  A ball python (D:1)
  5 bats
  7 endoplasms
  A giant cockroach (D:1)
  9 goblins
  6 hobgoblins
  4 quokkas
  6 frilled lizards
  6 kobolds
  5 rats
54 creatures vanquished.

Vanquished Creatures (others)
  4 withered plants (D:2)
4 creatures vanquished.

Grand Total: 58 creatures vanquished

Notes
Turn   | Place    | Note
-------+----------+-------------------------------------------
     0 | D:1      | scammafunk the Barachi Fighter began the quest for the Orb.
     0 | D:1      | Reached XP level 1. HP: 18/18 MP: 1/1
   172 | D:1      | Reached XP level 2. HP: 25/25 MP: 2/2
   559 | D:1      | Reached XP level 3. HP: 30/30 MP: 3/3
  1484 | D:2      | Found a sacrificial altar of Ru.
  1495 | D:2      | HP: 1/30 [kobold/+0 short sword (3)]
  1650 | D:2      | Became a worshipper of Ru the Awakened
  1880 | D:2      | Found a faded altar of an unknown god.
  1931 | D:2      | Reached XP level 4. HP: 19/37 MP: 4/4
  2677 | D:3      | Found a broken altar of Ashenzari.
  2737 | D:3      | You fall into a shaft and drop 2 floors!
  2737 | D:5      | Entered Level 5 of the Dungeon
  2762 | D:5      | Noticed Ijyb
  2769 | D:5      | Paralysed by Ijyb for 2 turns
  2773 | D:5      | Paralysed by Ijyb for 6 turns
  2779 | D:5      | Killed Ijyb
  2811 | D:5      | Found a runed translucent gate.
  2811 | D:5      | Found a runed translucent gate.
  2811 | D:5      | Found a runed translucent gate.
  2812 | D:5      | Found an opulent altar of Gozag.
  2812 | D:5      | Noticed a kobold demonologist
  2818 | D:5      | Noticed a scorpion
  2818 | D:5      | Noticed a two-headed ogre
  2818 | D:5      | Noticed a black bear
  2818 | D:5      | Noticed marklar909's ghost (weakling PaDe)
  2820 | D:5      | Found a staircase to the Ecumenical Temple.
  2828 | D:5      | Reached XP level 5. HP: 22/43 MP: 5/5
  2830 | D:5      | Noticed Edmund
  2839 | D:5      | Slain by Edmund

Illustrated notes

Levels and vault maps discovered:
D:1:      dpeg_arrival_line_fractal, layout_basic, lemuel_another_geyser
D:2:      layout_basic, ebering_ecumenical_altar_petrified, basic_altar
D:3:      layout_basic, ashenzari_conservatory_becter, gup_sewer_entry_glass
D:5:      layout_gridville, minmay_temple_entry_statues_pillars,
          ebering_ghost_gozag, uniq_ijyb, uniq_edmund, uniq_blork_the_orc,
          uniq_crazy_yiuf_cottage

Skill      XL: |  1  2  3  4 |
---------------+-------------+-----
Armour         | 4 |  4.6
Fighting       | 4 |  4.5
Long Blades    | 3 |  3.6
Shields        | 4 |  4.1

Action                   |  1- 3 |  4- 6 || total
-------------------------+-------+-------++-------
Melee: Long sword        |   114 |    57 ||   171
 Abil: Hop               |     1 |       ||     1
Evoke: Wand              |       |     1 ||     1
  Use: Scroll            |     3 |       ||     3
       Potion            |     2 |       ||     2
Armor: Scale mail        |    70 |    33 ||   103
Dodge: Dodged            |    36 |    35 ||    71
Block: Kite shield       |    71 |    30 ||   101
       Rpst.: Long sword |    15 |    14 ||    29

Table legend: (Time is in decaauts)
 A = Elapsed time spent in this place.
 B = Non-inter-level travel time spent in this place.
 C = Inter-level travel time spent in this place.
 D = Time resting spent in this place.
 E = Time spent auto-exploring this place.
 F = Levels seen in this place.
 G = Mean time per level.
                   A        B        C        D        E       F      G
               +--------+--------+--------+--------+--------+-----+--------+
         Total |   3257 |   3152 |    105 |    387 |   2030 |   4 |  814.2 |
       Dungeon |   3257 |   3152 |    105 |    387 |   2030 |   4 |  814.2 |
               +--------+--------+--------+--------+--------+-----+--------+

Top non-repeatable levels by time:
     D:2: 1624 daAuts
     D:1: 1428 daAuts
     D:5: 125 daAuts
     D:3: 78 daAuts
